AoeStats
← Choo Choo mother trucker

Arabian Desert

510512701Analyzed
1v1 RM · 2d ago on Oct 1, 2026· 43m 53s· 2 players
Game mode
Random Map
Map size
Tiny (2 player)
Population
200
Speed
Normal
Resources
Standard
Victory
Conquest
Starting age
Dark Age
Ending age
Imperial Age
RankedLock teamsTeams togetherTeam positionsShared explorationLock speedFull tech treeHidden civsTurbo modeCheats
Victory
Defeat
🇺🇸 Hindustanis · United States
587
+15
🇦🇺 Chinese · Australia
576
-15
m_debono09
12:58 Feudal Age
13:05 Feudal Age
14:04 Man-at-Arms
16:31 Horse Collar
19:04 Wheelbarrow
18:41 Gold Mining
21:53 Stone Mining
27:48 Castle Age
27:06 Scale Mail Armor
28:25 Scale Barding Armor
27:49 Long Swordsman
28:34 Husbandry
29:58 Hand Cart
39:51 Imperial Age
Choo Choo mother trucker
11:31 Feudal Age
12:07 Double-Bit Axe
17:36 Castle Age
19:05 Forging
24:34 Gold Mining
26:49 Squires
31:30 Scale Mail Armor
32:59 Wheelbarrow
32:58 Chain Mail Armor
37:00 Fletching
41:49 Iron Casting
42:19 Arson
43:01 Redemption
Connection lost

Rejoining the realm…

Still unreachable

The connection could not be restored.

Session expired

The server has moved on; the page needs a fresh start.